 Dungeon Sprint DCSS version 0.16-a0-3803-gd4b2de5 (webtiles) character file.

7753 PolkaDot the Maledictor (level 11, -2/68 HPs)
             Began as a Vampire Enchanter on Jan 26, 2015.
             Was a High Priest of Dithmenos.
             Slain by a lorocyproca (14 damage)
             ... in the Dungeon (Sprint I: "Red Sonja").
             The game lasted 00:14:28 (2118 turns).

PolkaDot the Maledictor (Vampire Enchanter)         Turns: 2118, Time: 00:14:29

Health: -2/68      AC:  5    Str: 10    XL:     11   Next: 0%
Magic:  1/22       EV: 12    Int: 24    God:    Dithmenos [*****.]
Gold:   961        SH:  0    Dex: 14    Spells: 5 memorised, 1 level left

rFire  . . .     SeeInvis +     a - +1 dagger
rCold  . . .     Clarity  .     s - +2 robe "Noinom" {Str+3}
rNeg   + . .     SustAb   .     (no shield)
rPois  .         Gourm    .     (no helmet)
rElec  .         Spirit   .     (no cloak)
rCorr  +         Warding  .     (no gloves)
rMut   .         NoTele   +     m - +0 pair of boots of Lucitiki {rCorr Int+4 SInv}
MR     +....                    b - amulet of inaccuracy (curse)
Stlth  ++++++++++               (no ring)
                                (no ring)

@: wreathed by umbra, somewhat resistant to hostile enchantments, uncannily
stealthy
A: bottle blood, fangs 3, see invisible, unbreathing
a: Bat Form, Shadow Step, Shadow Form, Renounce Religion


You were in the Dungeon.
You worshipped Dithmenos.
Dithmenos was extremely pleased with you.
You were not thirsty.

You visited 1 branch You collected 1465 gold pieces.
You spent 504 gold pieces at shops.

Inventory:

Hand weapons
 a - a +1 dagger (weapon)
Armour
 m - the +0 pair of boots of Lucitiki (worn) {rCorr Int+4 SInv}
   (You bought it in a shop in the Dungeon)

   It affects your intelligence (+4).
   It enhances your eyesight.
   It protects you from acid and corrosion.
 s - the +2 robe "Noinom" (worn) {Str+3}
   (You bought it in a shop in the Dungeon)

   It affects your strength (+3).
Jewellery
 b - a cursed amulet of inaccuracy (around neck)
Magical devices
 d - a wand of digging (12)
 p - a wand of paralysis (19)
Scrolls
 i - a scroll of amnesia {unknown}
 k - a scroll of enchant armour
 r - a scroll of summoning {unknown}
Potions
 e - 3 potions of curing
 h - 3 potions of magic
Books
 c - a book of Maledictions

   Spells                             Type                      Level
   a - Corona                         Hexes                        1
   b - Sure Blade                     Hexes/Charms                 2
   c - Ensorcelled Hibernation        Hexes/Ice                    2
   d - Confuse                        Hexes                        3
   e - Dazzling Spray                 Conjuration/Hexes            3
   f - Enslavement                    Hexes                        4


   Skills:
 - Level 11.7 Short Blades
 - Level 2.1 Dodging
 + Level 19.5 Stealth
 - Level 2.0 Spellcasting
 * Level 23.8 Hexes
 + Level 7.4 Invocations


You had one spell level left.
You knew the following spells:

 Your Spells              Type           Power        Failure   Level  Hunger
a - Corona                Hex            #######      0%          1    #......
c - Confuse               Hex            #######.     0%          3    ###....
d - Ensorcelled Hibernat  Hex/Ice        ######       1%          2    ##.....
e - Enslavement           Hex            #######.     0%          4    #####..
s - Dazzling Spray        Conj/Hex       ######..     1%          3    ###....


Dungeon Overview and Level Annotations

Branches:
Dungeon (1/1)

Altars:
Cheibriados
Dithmenos
Elyvilon
Fedhas
Gozag
Kikubaaqudgha
Makhleb
Nemelex Xobeh
Okawaru
Qazlal
Ru
Sif Muna
Trog
Vehumet
Xom
Yredelemnul
Zin
The Shining One
Jiyva

Shops:
D [[}(%[=(![:**[}[

Annotations:
D Norris


Innate Abilities, Weirdness & Mutations

You can bottle blood from corpses.
You have razor-sharp teeth.
You have supernaturally acute eyesight.
You can survive without breathing.


Message History

You hit the lorocyproca but do no damage.
You miss the lorocyproca. The lorocyproca hits you!!
* * * LOW HITPOINT WARNING * * *
You emit a cloud of dark smoke.
You feel your power leaking away.
* * * LOW MAGIC WARNING * * *
You miss the lorocyproca.
You hit the lorocyproca but do no damage.
Your shadow hits the lorocyproca but does no damage.
The lorocyproca hits you.
* * * LOW HITPOINT WARNING * * *
You miss the lorocyproca. You barely miss the lorocyproca.
Your bite misses the lorocyproca. The lorocyproca hits you.
* * * LOW HITPOINT WARNING * * *
You miss the lorocyproca.
You hit the lorocyproca but do no damage.
You bite the lorocyproca, but do no damage.
The lorocyproca hits you!
You die...

##########################
#<.#..'§§#§§'..#__#.2'...#
#..'..#§§@2§#..'..2..#.).#
#..#####§#####'#__####)..'
#..####§§#...#(####§§#####
#..#__####..##§#≈≈§§)#..##
#..#_..__##'#.§§§≈≈.§'.§#.
#⌠⌠#_.∩...'..._#§≈§§§#..#.
####_..._##_.#'##'#####'##
#_____###'#(#...)# #.'§
############.####'### ###§


You could see a lorocyproca (invisible).

Vanquished Creatures
  2 centaur warriors (D)
  2 unseen horrors (D)
  A lindwurm (D)
  A deep troll (D)
  An oklob plant (D)
  2 kobold demonologists (D)
  A gargoyle (D)
  4 demonic crawlers (D)
  A slime creature (D)
  Sonja (D)
  A yak (D)
  4 trapdoor spiders (D)
  7 necrophages (D)
  An ogre (D)
  A wasp (D)
  Sigmund (D)
  8 jellies (D)
  Ijyb (D)
  2 giant eyeballs (D)
  5 ballistomycetes (D)
47 creatures vanquished.

Vanquished Creatures (collateral kills)
  2 giant spores (D)
2 creatures vanquished.

Vanquished Creatures (others)
  A gargoyle (D)
1 creature vanquished.

Grand Total: 50 creatures vanquished

Notes
Turn   | Place    | Note
--------------------------------------------------------------
     0 | D        | PolkaDot, the Vampire Enchanter, began the quest for the Orb.
     0 | D        | Reached XP level 1. HP: 13/13 MP: 3/3
     2 | D        | Noticed Ijyb
     9 | D        | Killed Ijyb
     9 | D        | Reached skill level 5 in Stealth
     9 | D        | Reached skill level 6 in Hexes
     9 | D        | Reached XP level 2. HP: 17/19 MP: 4/4
    12 | D        | Noticed an ogre
    19 | D        | Killed an ogre
    19 | D        | Reached skill level 8 in Stealth
    19 | D        | Reached skill level 10 in Hexes
    19 | D        | Reached XP level 3. HP: 16/24 MP: 6/6
    19 | D        | Reached XP level 4. HP: 20/30 MP: 7/7
   174 | D        | Noticed Sigmund
   176 | D        | Killed Sigmund
   176 | D        | Reached skill level 5 in Short Blades
   176 | D        | Reached skill level 11 in Hexes
   176 | D        | Reached XP level 5. HP: 35/35 MP: 9/9
   191 | D        | Found a deep blue altar of Sif Muna.
   192 | D        | Noticed a jelly
   198 | D        | Learned a level 3 spell: Confuse
   201 | D        | Learned a level 2 spell: Ensorcelled Hibernation
   202 | D        | Found a radiant altar of Vehumet.
   206 | D        | Killed a jelly
   206 | D        | Reached skill level 12 in Hexes
   211 | D        | Noticed a centaur warrior
   233 | D        | Found Craept's Armour Emporium.
   233 | D        | Found a white marble altar of Elyvilon.
   233 | D        | Found a stormy altar of Qazlal.
   233 | D        | Found a burning altar of Makhleb.
   233 | D        | Found a sacrificial altar of Ru.
   233 | D        | Found a basalt altar of Yredelemnul.
   233 | D        | Found a glowing golden altar of the Shining One.
   233 | D        | Found a sparkling altar of Nemelex Xobeh.
   233 | D        | Found a shimmering altar of Xom.
   233 | D        | Found an opulent altar of Gozag.
   233 | D        | Found an ancient bone altar of Kikubaaqudgha.
   233 | D        | Found a glowing silver altar of Zin.
   233 | D        | Noticed a yak
   234 | D        | Found an iron altar of Okawaru.
   235 | D        | Killed a yak
   235 | D        | Reached skill level 13 in Hexes
   235 | D        | Reached XP level 6. HP: 41/41 MP: 10/10
   236 | D        | Found a bloodstained altar of Trog.
   253 | D        | Found a snail-covered altar of Cheibriados.
   253 | D        | Found a shadowy altar of Dithmenos.
   253 | D        | Noticed a slime creature
   254 | D        | Found a viscous altar of Jiyva.
   254 | D        | Found a blossoming altar of Fedhas.
   258 | D        | Killed a slime creature
   258 | D        | Reached skill level 15 in Hexes
   258 | D        | Reached XP level 7. HP: 46/46 MP: 4/12
   261 | D        | Became a worshipper of Dithmenos the Shadowed
   328 | D        | Noticed Sonja
   332 | D        | Killed Sonja
   332 | D        | Reached skill level 16 in Hexes
   354 | D        | Learned a level 4 spell: Enslavement
   605 | D        | Found Torhitian's Antique Armour Boutique.
   614 | D        | Bought a pair of warped boots for 266 gold pieces
   614 | D        | Bought a dyed leather armour for 56 gold pieces
   619 | D        | Identified the +0 pair of boots of Lucitiki {rCorr Int+4 SInv} (You bought it in a shop in the Dungeon)
   642 | D        | Noticed a deep troll
   646 | D        | Killed a deep troll
   646 | D        | Reached skill level 10 in Short Blades
   646 | D        | Reached skill level 17 in Hexes
   646 | D        | Reached XP level 8. HP: 52/52 MP: 13/13
   670 | D        | Noticed a centaur warrior
   673 | D        | Killed a centaur warrior
   673 | D        | Reached skill level 15 in Stealth
   673 | D        | Reached skill level 18 in Hexes
   674 | D        | Killed a centaur warrior
   674 | D        | Reached skill level 19 in Hexes
   674 | D        | Reached XP level 9. HP: 57/57 MP: 14/14
   681 | D        | Noticed a wasp
   684 | D        | Killed a wasp
   684 | D        | Reached skill level 20 in Hexes
   696 | D        | Noticed an oklob plant
   698 | D        | Killed an oklob plant
   705 | D        | Noticed a trapdoor spider
   710 | D        | Killed a trapdoor spider
   710 | D        | Acquired Dithmenos' first power
   714 | D        | Killed a gargoyle
   805 | D        | Noticed a trapdoor spider
   808 | D        | Killed a trapdoor spider
   811 | D        | Noticed a trapdoor spider
   815 | D        | Killed a trapdoor spider
   817 | D        | Noticed a trapdoor spider
   822 | D        | Killed a trapdoor spider
   822 | D        | Reached skill level 21 in Hexes
  1121 | D        | Noticed an unseen horror
  1122 | D        | Noticed an unseen horror
  1124 | D        | Killed an unseen horror
  1124 | D        | Reached XP level 10. HP: 60/63 MP: 12/17
  1132 | D        | Killed an unseen horror
  1132 | D        | Acquired Dithmenos' second power
  1132 | D        | Reached skill level 22 in Hexes
  1132 | D        | Reached skill level 5 in Invocations
  1133 | D        | Noticed a jelly
  1133 | D        | Noticed a jelly
  1133 | D        | Noticed a jelly
  1133 | D        | Noticed a jelly
  1133 | D        | Noticed a jelly
  1133 | D        | Noticed a jelly
  1133 | D        | Noticed a jelly
  1135 | D        | Killed a jelly
  1136 | D        | Killed a jelly
  1138 | D        | Noticed a necrophage
  1138 | D        | Noticed a necrophage
  1143 | D        | Killed a jelly
  1145 | D        | Killed a jelly
  1214 | D        | Acquired Dithmenos' third power
  1218 | D        | Noticed a necrophage
  1219 | D        | Noticed a necrophage
  1219 | D        | Noticed a necrophage
  1220 | D        | Killed a jelly
  1221 | D        | Noticed a necrophage
  1222 | D        | Killed a jelly
  1224 | D        | Killed a jelly
  1246 | D        | Killed a necrophage
  1249 | D        | Killed a necrophage
  1336 | D        | Noticed a necrophage
  1339 | D        | Killed a necrophage
  1342 | D        | Killed a necrophage
  1342 | D        | Acquired Dithmenos' fourth power
  1347 | D        | Killed a necrophage
  1355 | D        | Killed a necrophage
  1361 | D        | Killed a necrophage
  1465 | D        | Found Shryaxt's Weapon Shoppe.
  1465 | D        | Found Xotuwul's Gadget Shop.
  1465 | D        | Found Toang's Food Boutique.
  1467 | D        | Found Peem's Armour Emporium.
  1467 | D        | Found Psaludi's Jewellery Shop.
  1467 | D        | Found Klolerucu's Weapon Shoppe.
  1467 | D        | Found Ytiap's Distillery.
  1467 | D        | Found Pilas' Antique Armour Emporium.
  1467 | D        | Found Oviggeot's Book Shop.
  1467 | D        | Found Gumiofipp's General Store.
  1467 | D        | Found Ihauvama's General Store.
  1470 | D        | Found Gaaduimp's Gadget Emporium.
  1470 | D        | Found Pahoash's Armour Boutique.
  1471 | D        | Found Phehes' Antique Armour Emporium.
  1475 | D        | Bought a thick robe for 182 gold pieces
  1485 | D        | Identified the +2 robe "Noinom" {Str+3} (You bought it in a shop in the Dungeon)
  1566 | D        | Noticed a kobold demonologist
  1567 | D        | Noticed a kobold demonologist
  1573 | D        | Killed a kobold demonologist
  1575 | D        | Killed a kobold demonologist
  1633 | D        | Noticed a demonic crawler
  1633 | D        | Noticed a demonic crawler
  1633 | D        | Noticed a demonic crawler
  1633 | D        | Noticed a demonic crawler
  1641 | D        | Learned a level 3 spell: Dazzling Spray
  1648 | D        | Killed a demonic crawler
  1648 | D        | Reached skill level 23 in Hexes
  1655 | D        | Killed a demonic crawler
  1664 | D        | Killed a demonic crawler
  1666 | D        | Killed a demonic crawler
  1929 | D        | Noticed a lindwurm
  1932 | D        | Killed a lindwurm
  2025 | D        | Noticed a hog
  2025 | D        | Noticed a hog
  2025 | D        | Noticed a hog
  2025 | D        | Noticed a hog
  2025 | D        | Noticed a hog
  2025 | D        | Noticed a hog
  2025 | D        | Noticed a hog
  2025 | D        | Noticed a hog
  2025 | D        | Noticed a hog
  2034 | D        | Noticed a gargoyle
  2036 | D        | Killed a gargoyle
  2036 | D        | Reached XP level 11. HP: 68/68 MP: 17/22
  2069 | D        | Noticed Norris
  2073 | D        | Noticed a lorocyproca
  2118 | D        | Slain by a lorocyproca

Action                   |  1- 3 |  4- 6 |  7- 9 | 10-12 || total
-------------------------+-------+-------+-------+-------++-------
Melee: Dagger            |    10 |     4 |    78 |    62 ||   154
 Cast: Ensorcelled Hiber |       |     3 |     3 |     7 ||    13
       Enslavement       |       |       |     1 |       ||     1
       Confuse           |       |       |     5 |    12 ||    17
       Dazzling Spray    |       |       |       |     4 ||     4
Invok: Shadow Step       |       |       |       |     1 ||     1
Evoke: Wand              |       |       |       |     1 ||     1
  Use: Potion            |     2 |       |       |     6 ||     8
       Scroll            |       |       |     1 |     1 ||     2
 Stab: Sleeping          |     1 |     4 |     7 |    16 ||    28
       Confused          |       |       |     4 |     5 ||     9
       Invisible         |       |       |       |     7 ||     7
  Eat: Corpse            |       |       |       |     2 ||     2
